 Dungeon Crawl Stone Soup version 0.31-a0-7-g51783674b7 (webtiles) character file.

Game seed: 12988702297790397804

11649 Anon1729 the Carver (level 11, -8/145 HPs)
             Began as a Minotaur Monk on May 5, 2023.
             Was a Follower of Uskayaw.
             Hit by a large rock thrown by a cyclops (12 damage)
             ... on level 10 of the Dungeon.
             The game lasted 00:12:36 (8641 turns).

Anon1729 the Carver (Minotaur Monk)                 Turns: 8641, Time: 00:12:37

Health: -8/145     AC: 17    Str: 16    XL:     11   Next: 52%
Magic:  26/26      EV:  2    Int: 10    God:    Uskayaw [*.....]
Gold:   352        SH:  0    Dex: 17    Spells: 10/10 levels left

rFire   + . .        O - +9 hammer of Burning Expedience {spect, MP+9 Int+3}
rCold   . . .        d - orb {light}
rNeg    . . .        b - melded +0 robe
rPois   +            (helmet currently unavailable)
rElec   .            N - melded +2 cloak
rCorr   .            (gloves currently unavailable)
SInv    .            A - melded +2 pair of boots of Ciam {+Blink}
Will    .....        B - amulet of regeneration
Stlth   +            D - ring of protection from fire
HPRegen 1.24/turn    I - +4 ring of protection
MPRegen 0.20/turn

%: no passive effects
@: tree-form, corroded, attractive, glowing
A: stationary, stasis, torment immunity, boosted hp, (horns 2), (retaliatory
headbutt)
a: Renounce Religion, Stomp


You were on level 10 of the Dungeon.
You worshipped Uskayaw.
Uskayaw was aware of your devotion.
You were a tree.
You visited 1 branch of the dungeon, and saw 10 of its levels.

You collected 580 gold pieces.
You spent 228 gold pieces at shops.

Inventory:

Hand Weapons
 E - a +0 dagger of venom
 G - the +0 dagger of Change {flame, *Rage rPois Str+4 Int+3}
   (You found it on level 5 of the Dungeon)

   Str:       It affects your strength (+4).
   Int:       It affects your intelligence (+3).
   rPois:     It protects you from poison.
   *Rage:     It berserks you when you make melee attacks (+20% chance).
 J - a +1 long sword
 O - the +9 hammer of Burning Expedience (weapon) {spect, MP+9 Int+3}
   (You found it on level 7 of the Dungeon)

   Int:       It affects your intelligence (+3).
   MP:        It affects your magic capacity (+9).
Missiles
 u - 4 curare-tipped darts (quivered)
Armour
 b - a +0 robe (melded)
 d - an orb of light (worn)
 A - the +2 pair of boots of Ciam (melded) {+Blink}
   (You bought it in a shop on level 8 of the Dungeon)

   +Blink:    It lets you blink.
 N - a +2 cloak (melded)
Jewellery
 t - an amulet of the acrobat
 v - a ring of see invisible
 B - an amulet of regeneration (around neck)
 D - a ring of protection from fire (left branch)
 I - a +4 ring of protection (right branch)
Wands
 a - a wand of flame (12)
 r - a wand of roots (16)
 M - a wand of acid (5)
 T - a wand of charming (1)
Scrolls
 e - 2 scrolls of noise
 f - 4 scrolls of teleportation
 h - 7 scrolls of identify
 i - a scroll of fog {unknown}
 j - a scroll of torment {unknown}
 n - 2 scrolls of blinking {unknown}
 o - 3 scrolls of immolation {unknown}
 q - 3 scrolls of enchant weapon
 s - 3 scrolls of poison
 w - 3 scrolls of amnesia {unknown}
 y - a scroll of fear {unknown}
 z - a scroll of butterflies {unknown}
 F - 2 scrolls of enchant armour {unknown}
 K - a scroll of vulnerability {unknown}
 R - 2 scrolls of acquirement {unknown}
Potions
 c - 2 potions of invisibility {unknown}
 g - 2 potions of heal wounds {unknown}
 l - 2 potions of degeneration {unknown}
 m - a potion of magic {unknown}
 p - 2 potions of lignification
 x - 2 potions of flight {unknown}
 C - a potion of ambrosia
 H - a potion of resistance {unknown}
 L - 2 potions of mutation {unknown}
 P - a potion of brilliance {unknown}
 Q - a potion of haste
 S - a potion of attraction


   Skills:
 + Level 9.0 Fighting
 * Level 12.1 Long Blades
 + Level 8.0 Armour
 + Level 8.3 Dodging
 * Level 9.4 Invocations
 + Level 3.7 Evocations


You had 10 spell levels left.
You didn't know any spells.
Your spell library contained the following spells:

 Spells                   Type           Power      Damage    Failure   Level
 Apportation              Tloc           0%         N/A       36%         1
 Summon Small Mammal      Summ           0%         N/A       36%         1
 Blink                    Tloc           0%         N/A       50%         2
 Ensorcelled Hibernation  Hex/Ice        0%         N/A       50%         2
 Lesser Beckoning         Tloc           0%         N/A       50%         2
 Momentum Strike          Conj/Tloc      0%         3d8       50%         2
 Passwall                 Tmut/Erth      0%         N/A       50%         2
 Call Canine Familiar     Summ           0%         N/A       75%         3
 Dazzling Flash           Conj/Hex       0%         N/A       75%         3
 Ozocubu's Armour         Ice            0%         N/A       75%         3
 Stone Arrow              Conj/Erth      0%         3d7       75%         3
 Summon Guardian Golem    Hex/Summ       0%         N/A       75%         3
 Swiftness                Air            0%         N/A       75%         3
 Animate Armour           Summ/Erth      0%         N/A       98%         4
 Agony                    Necr           0%         N/A       100%        5
 Alistair's Intoxication  Tmut/Pois      0%         N/A       100%        5
 Blade Hands              Tmut           0%         N/A       100%        5
 Metabolic Englaciation   Hex/Ice        0%         N/A       100%        5
 Silence                  Hex/Air        0%         N/A       100%        5
 Iron Shot                Conj/Erth      0%         9d1       100%        6
 Simulacrum               Ice/Necr       0%         N/A       100%        6
 Lehudib's Crystal Spear  Conj/Erth      0%         10d2      100%        8


Dungeon Overview and Level Annotations

Branches:
Dungeon (10/15)            Temple (0/1) D:6            Lair (0/5) D:9
    Orc: D:9-12

Altars:
Dithmenos
Fedhas
Gozag
Hepliaklqana
Kikubaaqudgha
Qazlal
Ru
Uskayaw
Vehumet
Xom
Yredelemnul
Zin
The Shining One

Shops:
D:4 *   D:8 [

Annotations:
D:7 exclusion: statue


Innate Abilities, Weirdness & Mutations

You are a tree.
Your roots penetrate the ground, keeping you stationary.
You cannot be teleported.
You are immune to unholy pain and torment.
Your maximum health is greatly increased.
Your equipment is partially melded.
((You have a pair of horns on your head.))
((You reflexively headbutt those who attack you in melee.))


Message History

Press: ? - help, Shift-Dir - straight line, f/p - centaur warrior simulacrum
Aim: a centaur warrior simulacrum (heavily damaged, sharing its pain, haloed)
The roots erupt in riotous growth!
Roots grab the centaur warrior simulacrum.
The grasping roots constrict the centaur warrior simulacrum.
The centaur warrior simulacrum struggles to escape constriction.
The grasping roots constrict the centaur warrior simulacrum.
The roots release their grip on the centaur warrior simulacrum.
The centaur warrior simulacrum barely misses you.
The centaur warrior simulacrum kicks you but does no damage.
You sock the centaur warrior simulacrum!
The centaur warrior simulacrum vaporises!
Your Armour skill increases to level 8!
You start resting.
Magic restored.
You start resting.
A cyclops is nearby!
Okay, then.
As you read the scroll labelled ENIZAOKITT, it crumbles to dust.
You hear a loud clanging noise!
It was a scroll of noise.
You hear a bellow!
You hear a shout! x3; You hear a horrible gurgling sound!
You hear a shout! x2; You hear a horrible gurgling sound!
The cyclops throws a large rock.
The large rock hits you!!
* * * LOW HITPOINT WARNING * * *
You feel better.
You can no longer pass through a line of other dancers.
You feel better.
The cyclops throws a large rock.
The large rock hits you!!
* * * LOW HITPOINT WARNING * * *
Okay, then.
As you read the scroll labelled FYFOTU SAMUVI, it crumbles to dust.
It is a scroll of enchant weapon.
Your +0 long sword glows red for a moment.
The air fills with toxic fumes!
As you read the scroll labelled PIUGU VEETRUO, it crumbles to dust.
It was a scroll of poison.
Okay, then.
It was a potion of attraction.
You feel attractive to monsters.
The cyclops throws a large rock.
The large rock hits you!
You die...

...... ....## .....# ########
....# #......# ....# ####
#.#.#..# #...###....
##..###.### #.......#
########§.>....... ###)#.###
#§§§§§§§§..###.### ###....#
#♣#######.#.#..#.. .<.....#
##§# #......#†# ###....# #§§#
########.# ........#
#§§§##### #.#
............§§§§§....#######
#.#
#.###.#####.#####§###.......#
#.# ..# #. .. C. #.......#
#.# ..# #.#. §#.#.......###.#
... .. 8....#.....T....


You could see a cyclops.

Vanquished Creatures
  Erolcha (D:10)
  A two-headed ogre (D:9)
  Pikel (D:6)
  Maurice (D:8)
  A kobold demonologist (D:10)
  4 unseen horror zombies (D:9)
  Psyche (D:8)
  An unseen horror (D:10)
  A yaktaur (D:10)
  A tengu conjurer (D:10)
  A troll (D:10)
  A centaur simulacrum (D:10)
  Sigmund (D:4)
  A wraith (D:10)
  12 yaks
  A wyvern (D:9)
  3 vampire mosquitoes (D:10)
  A basilisk (D:10)
  5 steam dragons
  2 acid dragons
  2 orc warriors
  A sky beast (D:8)
  A black bear (D:5)
  An ogre (D:7)
  5 centaurs
  3 phantoms
  3 kobold brigands
  3 bullfrogs
  3 gnoll sergeants
  4 scorpions
  A wight (D:10)
  5 killer bees
  A howler monkey (D:8)
  6 centaur zombies
  A bullfrog zombie (D:5)
  A gnoll bouda (D:7)
  A bullfrog skeleton (D:5)
  2 orc priests
  8 hounds
  A sleepcap (D:5)
  Crazy Yiuf (D:7)
  2 iguanas
  3 orc wizards
  A killer bee zombie (D:9)
  3 howler monkey zombies
  A howler monkey skeleton (D:5)
  21 gnolls
  3 adders
  A white imp (D:6)
  An ufetubus (D:4)
  4 worms
  3 dart slugs
  23 orcs
  6 endoplasms
  3 giant cockroaches
  11 hobgoblins
  8 jackals
  16 kobolds
  3 quokkas
  10 ball pythons
  7 bats
  4 frilled lizards
  11 goblins
  8 rats
248 creatures vanquished.

Vanquished Creatures (others)
  A howler monkey (D:8)
  A fungus (D:9)
  A plant (D:9)
  A spectral weapon (D:10)
  3 withered plants (D:5)
7 creatures vanquished.

Grand Total: 255 creatures vanquished

Notes
Turn   | Place    | Note
-------+----------+-------------------------------------------
     0 | D:1      | Anon1729 the Minotaur Monk began the quest for the Orb.
     0 | D:1      | Reached XP level 1. HP: 19/19 MP: 0/0
   126 | D:1      | Reached XP level 2. HP: 24/27 MP: 1/1
   182 | D:1      | Reached skill level 4 in Long Blades
   327 | D:1      | Reached XP level 3. HP: 33/33 MP: 2/2
   694 | D:2      | Found a faded altar of an unknown god.
   701 | D:2      | Prayed at the altar of an unknown god.
   701 | D:2      | Became a worshipper of Uskayaw the Reveller
   701 | D:2      | Reached * piety under Uskayaw
   701 | D:2      | Reached ** piety under Uskayaw
   759 | D:2      | Reached skill level 1 in Armour
   759 | D:2      | Reached XP level 4. HP: 33/41 MP: 3/3
   759 | D:2      | Reached *** piety under Uskayaw
  1760 | D:3      | Reached skill level 5 in Long Blades
  1762 | D:3      | Reached skill level 1 in Invocations
  1878 | D:3      | Reached XP level 5. HP: 38/47 MP: 4/4
  3042 | D:4      | Reached XP level 6. HP: 55/55 MP: 6/6
  3082 | D:4      | Found Evuory Qiow's General Store.
  3215 | D:4      | Noticed Sigmund
  3218 | D:4      | Killed Sigmund
  3219 | D:4      | Reached skill level 5 in Fighting
  3219 | D:4      | Reached skill level 6 in Long Blades
  3551 | D:5      | Entered Level 5 of the Dungeon
  3571 | D:4      | Reached XP level 7. HP: 41/61 MP: 8/8
  4007 | D:5      | Reached **** piety under Uskayaw
  4141 | D:4      | Reached skill level 5 in Dodging
  4304 | D:5      | Reached skill level 7 in Long Blades
  4549 | D:5      | Reached XP level 8. HP: 68/70 MP: 10/10
  4636 | D:5      | Identified the +8 mace of the End {pain, rN++}
  4781 | D:5      | Found a shimmering altar of Xom.
  4872 | D:5      | Identified the +0 dagger of Change {flame, *Rage rPois
                  | Str+4 Int+3}
  4893 | D:5      | Found a sacrificial altar of Ru.
  5206 | D:6      | Reached skill level 5 in Invocations
  5208 | D:6      | Reached skill level 8 in Long Blades
  5377 | D:6      | Found a staircase to the Ecumenical Temple.
  5994 | D:7      | Reached skill level 5 in Armour
  5994 | D:7      | Reached XP level 9. HP: 78/78 MP: 12/12
  6073 | D:7      | Found a shadowy altar of Dithmenos.
  6327 | D:7      | Found a runed translucent door.
  6328 | D:7      | Noticed Crazy Yiuf
  6350 | D:7      | Found a radiant altar of Vehumet.
  6375 | D:7      | Noticed Pikel
  6391 | D:6      | Killed Pikel
  6392 | D:6      | Reached skill level 9 in Long Blades
  6576 | D:7      | Killed Crazy Yiuf
  6587 | D:7      | Identified the +9 hammer of Burning Expedience {spect, MP+9
                  | Int+3}
  6678 | D:8      | Found Tilogiv's Antique Armour Shop.
  6712 | D:8      | Bought a pair of bloodstained boots for 228 gold pieces
  6712 | D:8      | Identified the +2 pair of boots of Ciam {+Blink} (You
                  | bought it in a shop on level 8 of the Dungeon)
  6926 | D:8      | Found a glowing golden altar of the Shining One.
  6986 | D:8      | Reached skill level 10 in Long Blades
  6986 | D:8      | Reached skill level 1 in Evocations
  6988 | D:8      | Reached XP level 10. HP: 52/86 MP: 14/14
  7058 | D:8      | Noticed Maurice
  7066 | D:8      | Killed Maurice
  7149 | D:8      | Noticed Psyche
  7154 | D:8      | Killed Psyche
  7414 | D:8      | Found a glowing silver altar of Zin.
  7414 | D:8      | Found an opulent altar of Gozag.
  7620 | D:9      | Found a basalt altar of Yredelemnul.
  7630 | D:9      | Reached ***** piety under Uskayaw
  7694 | D:9      | Reached skill level 11 in Long Blades
  7713 | D:9      | Found a staircase to the Lair.
  7715 | D:9      | Noticed a two-headed ogre
  7717 | D:9      | Found a blossoming altar of Fedhas.
  7722 | D:9      | Killed a two-headed ogre
  7743 | D:9      | Found a stormy altar of Qazlal.
  7875 | D:9      | Found an ancient bone altar of Kikubaaqudgha.
  8000 | D:9      | Found a hazy altar of Hepliaklqana.
  8223 | D:10     | Entered Level 10 of the Dungeon
  8298 | D:10     | Reached XP level 11. HP: 91/95 MP: 16/16
  8327 | D:10     | Noticed Erolcha
  8338 | D:10     | Killed Erolcha
  8423 | D:10     | Noticed a red ugly thing
  8423 | D:10     | Noticed a green ugly thing
  8597 | D:10     | Reached skill level 12 in Long Blades
  8638 | D:10     | HP: 1/145 [cyclops/large rock (32)]
  8641 | D:10     | Hit by a large rock thrown by a cyclops

Illustrated notes

Levels and vault maps discovered:
D:1:      mrwooster_arrival_statue, layout_rooms,
          amcnicky_mini_corridor_feature, minmay_tromino_v7
D:2:      layout_loops_corners, basic_ecumenical_altar, eino_curves_03,
          corexii_leaking_fountain, minmay_fractal_squares_5
D:3:      layout_loops_corners
D:4:      layout_loops_ring, serial_shops, shop, hangedman_decor_slide_cut,
          hangedman_minor_gate_pass, uniq_sigmund
D:5:      layout_basic, kennysheep_mini, nicolae_ru_great_annihilating_truth,
          serial_undead, serial_undead_a, serial_undead_f, serial_undead_f,
          serial_undead_b
D:6:      layout_basic, temple_doors_e, serial_park_tiny_1
D:7:      layout_cave_pools, mainiacjoe_overflow_tiny_flanked, vehumet_statue,
          minivault_23, uniq_crazy_yiuf_cottage, uniq_pikel
D:8:      layout_cave_pods, grunt_temple_overflow_gold_and_silver,
          general_overflow_altar, serial_shops, shop, uniq_psyche, uniq_maurice
D:9:      layout_roguey, grunt_temple_overflow_forces_of_nature,
          nicolae_yredelemnul_corpse_copse, worldfamousw_hep_ancestral_shrine,
          mainiacjoe_overflow_alcove_1, lair_entry_dummy
D:10:     minmay_the_grid_square_5x5_3x3 [minmay_the_grid_square_5x5_shrine1,
          minmay_the_grid_square_5x5_tri_point, minmay_the_grid_square_5x5_v,
          minmay_the_grid_square_5x5_fat_x,
          minmay_the_grid_square_5x5_megaprize_crossed,
          minmay_the_grid_square_5x5_sharp_hourglass,
          minmay_the_grid_square_5x5_spiral_small,
          minmay_the_grid_square_5x5_misaligned,
          minmay_the_grid_square_5x5_spiral], layout_loops_cross,
          nicolae_overflow_crystal_walls, uniq_erolcha

Skill      XL: |  1  2  3  4  5  6  7  8  9 10 11 |
---------------+----------------------------------+-----
Long Blades    | 4 5 6 7 8 10 11 12 | 12.1
Fighting       | 4 5 6 7 8 9 |  9.0
Armour         | 1 2 3 5 6 7 8 |  8.0
Dodging        | 4 5 6 7 8 |  8.3
Invocations    | 1 2 3 4 5 7 8 9 |  9.4
Evocations     | 1 3 |  3.7

Action                     |  1- 3 |  4- 6 |  7- 9 | 10-12 || total
---------------------------+-------+-------+-------+-------++-------
  Melee: Falchion          |    66 |   121 |    84 |       ||   271
         Headbutt          |    10 |    30 |    65 |    43 ||   148
         Mace              |       |       |   118 |   147 ||   265
         Long sword        |       |       |     8 |       ||     8
  Throw: Dart              |       |       |     1 |     2 ||     3
 Invoke: Stomp             |       |       |     3 |       ||     3
         Line Pass         |       |       |       |     1 ||     1
  Evoke: Wand              |       |       |     3 |     5 ||     8
    Use: Potion            |       |       |     2 |     7 ||     9
         Scroll            |       |       |       |     5 ||     5
   Stab: Paralysed         |       |     3 |    13 |    18 ||    34
         Distracted        |       |       |     1 |       ||     1
 Armour: Robe              |    12 |    15 |    44 |    83 ||   154
         Skin              |       |       |       |     7 ||     7
  Dodge: Dodged            |    39 |    84 |   235 |   201 ||   559

Table legend: (Time is in decaauts)
 A = Elapsed time spent in this place.
 B = Non-inter-level travel time spent in this place.
 C = Inter-level travel time spent in this place.
 D = Time resting spent in this place.
 E = Time spent auto-exploring this place.
 F = Levels seen in this place.
 G = Mean time per level.
                   A        B        C        D        E       F      G
               +--------+--------+--------+--------+--------+-----+--------+
         Total |   8767 |   8493 |    274 |   1163 |   5864 |  10 |  876.7 |
       Dungeon |   8767 |   8493 |    274 |   1163 |   5864 |  10 |  876.7 |
               +--------+--------+--------+--------+--------+-----+--------+

Top non-repeatable levels by time:
     D:4: 1676 daAuts
     D:3: 986 daAuts
     D:2: 983 daAuts
     D:5: 957 daAuts
     D:8: 911 daAuts
     D:6: 833 daAuts
     D:9: 703 daAuts
     D:7: 674 daAuts
     D:1: 594 daAuts
    D:10: 446 daAuts
